cohdb
Replays
Latest Replays
All Replays
Popular Replays
Top Player Replays
Match Explorer
How It Works
Community
CoH3 Stats
Reddit
Sign in to upload your games and track your stats! →
Sign in with Steam
Win - 3v3 - WER - vs Top 1
Match 9016735
Overview
Messages
Build Orders
End
Construct Barracks
Selects Armored Battlegroup
Selects Veteran Crews
1⁄4-ton 4x4 Truck
Riflemen Squad
Riflemen Squad
Engineer Squad
Mechanized Support Center
Grenade Package
Construct Weapon Support Center
M16 Multiple Gun Motor Carriage
M1918 Browing Automatic Rifles
Mortar Pit
Selects Field Repairs
Selects Strength in Steel
Construct Motor Pool
M1 Anti-tank Gun Team
Sniper
M1 Anti-tank Gun Team
Selects M8 Scott SPG
Construct Tank Depot
M8 Scott SPG
M3 Armored Personnel Carrier
Riflemen Squad
Selects M4A3E8 Sherman Combat Group
M4A3E8 Sherman Combat Group
Selects War Machine
AI Takeover
Tea2theBag
ultimatron
♠ [C.A] LordEduard ♠
DebaKLe
iNNo.-
Seax
0
0
Comments
sign in to comment!
No comments posted yet!